 Dungeon Crawl Stone Soup version 0.19.1 (webtiles) character file.

640060 dvd the Lord of Darkness (level 27, -8/197 HPs)
             Began as a Demonspawn Necromancer on Nov 20, 2016.
             Was the Champion of Kikubaaqudgha.
             Mangled by a jiangshi (11 damage)
             ... led by a vampire mage
             ... on level 5 of the Abyss on Nov 24, 2016.
             The game lasted 11:51:04 (87099 turns).

dvd the Lord of Darkness (Demonspawn Necromancer)  Turns: 87099, Time: 11:51:06

Health: -8/197     AC: 28    Str: 20    XL:     27
Magic:  0/44       EV: 20    Int: 27    God:    Kikubaaqudgha [******]
Gold:   4252       SH: 14    Dex: 20    Spells: 15 memorised, 3 levels left

rFire  + . .     SeeInvis +     a - +9 flail "Irareusm" {crush, *Drain rPois SInv}
rCold  + + .     Gourm    .     L - +6 ring mail "Ecval" {Regen+ Int+4}
rNeg   + + .     Faith    .     x - +3 buckler {AC+3}
rPois  +         Spirit   +     M - +2 hat of the Bear Spirit {Spirit, +Rage rN+ MR++}
rElec  +         Reflect  +     H - +2 cloak {rPois}
rCorr  .         Harm     .     (gloves unavailable)
MR     +++++     Clarity  +     t - +2 pair of boots "Maet" {rPois rF+ Int+2 Stlth-}
Stlth  ++++++....               j - amulet of Vighat {Reflect *Slow rC+ Dex+3 SH+4}
                                Y - ring of the Hippo {rN+ MR+ Slay+2}
                                K - ring "Getan" {MR+ Str+6}

@: very slightly contaminated, regenerating, repel missiles
A: claws 3, horns 1, talons 1, thin metallic scales 3, agile 1, clarity, cold
resistance 1, dopey 1, low mp 1, magic resistance 1, nightstalker 3, passive
freeze, electricity resistance, spiny 3, evolution 2, freezing cloud immunity,
MP-powered wands
a: Receive Corpses, Torment, Renounce Religion, Evoke Berserk Rage
}: 4/15 runes: barnacled, slimy, silver, gossamer


You were on level 5 of the Abyss.
You worshipped Kikubaaqudgha.
Kikubaaqudgha was exalted by your worship.
You were not hungry.

You visited 14 branches of the dungeon, and saw 59 of its levels.
You visited the Abyss 2 times.
You visited 1 bazaar.
You also visited: Labyrinth, Ossuary and Ice Cave.

You collected 9928 gold pieces.
You spent 5676 gold pieces at shops.

Inventory:

Hand Weapons
 a - the +9 flail "Irareusm" (weapon) {crush, *Drain rPois SInv}
   (You bought it in a shop on level 5 of the Vaults)

   It inflicts extra damage upon your enemies.
   It protects you from poison.
   It lets you see invisible.
   It causes draining when unequipped.
 o - the +7 glaive "Voaryit" {flame, rPois rN+ MR- Int+8}
   (You found it on level 5 of the Vaults)

   It has been specially enchanted to burn those struck by it, causing extra
   injury to most foes and up to half again as much damage against particularly
   susceptible opponents.
   Big, fiery blades are also staple armaments of hydra-hunters.
   It affects your intelligence (+8).
   It protects you from poison.
   It protects you from negative energy.
   It affects your resistance to hostile enchantments.
 T - the +6 Majin-Bo {vamp, Archmagi MP+6 Int+6}
   (You took it off a deep elf annihilator on level 3 of the Elven Halls)

   It inflicts no extra harm, but heals its wielder when it wounds a living foe.
   It affects your intelligence (+6).
   It affects your magic capacity (+6).
 U - a +9 eveningstar of protection
Armour
 n - the +0 hat of Totioj {rC+ rCorr}
   (You acquired it on level 2 of the Vaults)

   It protects you from cold.
   It protects you from acid and corrosion.
 t - the +2 pair of boots "Maet" (worn) {rPois rF+ Int+2 Stlth-}
   (You acquired it on level 3 of the Spider Nest)

   It affects your intelligence (+2).
   It protects you from fire.
   It protects you from poison.
   It makes you less stealthy.
 x - a +3 buckler of protection (worn)
 B - a +2 pair of boots of running
 H - a +2 cloak of poison resistance (worn)
 L - the +6 ring mail "Ecval" (worn) {Regen+ Int+4}
   (You found it on level 3 of the Elven Halls)

   It affects your intelligence (+4).
   It increases your rate of regeneration.
 M - the +2 hat of the Bear Spirit (worn) {Spirit, +Rage rN+ MR++}
   (You found it on level 2 of the Spider Nest)

   It protects you from negative energy.
   It affects your resistance to hostile enchantments.
   It lets you go berserk.
Jewellery
 j - the amulet of Vighat (around neck) {Reflect *Slow rC+ Dex+3 SH+4}
   (You bought it in a shop on level 2 of the Shoals)

   [amulet of reflection]

   It shields you and reflects attacks.
   It affects your dexterity (+3).
   It protects you from cold.
   It may slow you when you take damage.
   It affects your SH (+4).
 D - an uncursed amulet of the gourmand
 K - the ring "Getan" (left claw) {MR+ Str+6}
   (You took it off a deep elf annihilator on level 3 of the Elven Halls)

   [ring of protection from magic]

   It affects your strength (+6).
   It affects your resistance to hostile enchantments.
 O - the ring of Daisies {rN+ MR+ Str+2}
   (You found it on level 3 of the Crypt)

   [ring of positive energy]

   It affects your strength (+2).
   It protects you from negative energy.
   It affects your resistance to hostile enchantments.
 Y - the ring of the Hippo (right claw) {rN+ MR+ Slay+2}
   (You took it off a frost giant on level 5 of the Vaults)

   [ring of protection from magic]

   It affects your accuracy and damage with ranged weapons and melee attacks
   (+2).
   It protects you from negative energy.
   It affects your resistance to hostile enchantments.
Wands
 d - a wand of lightning (5/15)
 g - a wand of flame (25/48)
 q - a wand of lightning (3/15)
 s - a wand of digging (7/24)
 z - a wand of teleportation (8/9)
 C - a wand of iceblast (8/15)
 G - a wand of iceblast (12/15)
 J - a wand of acid (5/15)
 Q - a wand of iceblast (4/15)
Scrolls
 i - 8 scrolls of amnesia
 l - 23 scrolls of remove curse
 m - 9 scrolls of fear
 w - 8 scrolls of recharging
 A - 11 scrolls of identify
 F - 3 scrolls of fog
 N - 2 scrolls of blinking
 R - a scroll of teleportation
 S - a scroll of magic mapping
 Z - a scroll of enchant weapon
Potions
 b - 4 potions of agility
 e - 3 potions of might
 f - 2 potions of cure mutation
 v - 7 potions of curing
 E - 3 potions of heal wounds
 I - 4 potions of flight
 V - 5 potions of brilliance
 W - a potion of haste
Books
 r - a book of Unlife

   Spells                             Type                      Level
   a - Recall                         Summoning/Translocation      3
   b - Animate Dead                   Necromancy                   4
   c - Control Undead                 Necromancy                   4
   d - Cigotuvi's Embrace             Necromancy                   5
   e - Death Channel                  Necromancy                   6
   f - Simulacrum                     Ice/Necromancy               6
 u - a book of the Sky

   Spells                             Type                      Level
   a - Summon Lightning Spire         Summoning/Air                4
   b - Airstrike                      Air                          4
   c - Silence                        Hexes/Air                    5
   d - Deflect Missiles               Charms/Air                   6
   e - Conjure Ball Lightning         Conjuration/Air              6
   f - Tornado                        Air                          9
 y - a book of Death

   Spells                             Type                      Level
   a - Corpse Rot                     Necromancy                   2
   b - Sublimation of Blood           Necromancy                   2
   c - Agony                          Necromancy                   5
   d - Dispel Undead                  Necromancy                   5
   e - Excruciating Wounds            Charms/Necromancy            5
   f - Bolt of Draining               Conjuration/Necromancy       5
 P - a book of Frost

   Spells                             Type                      Level
   a - Freeze                         Ice                          1
   b - Throw Frost                    Conjuration/Ice              2
   c - Ozocubu's Armour               Charms/Ice                   3
   d - Throw Icicle                   Conjuration/Ice              4
   e - Summon Ice Beast               Ice/Summoning                4
 X - a Necronomicon

   Spells                             Type                      Level
   a - Haunt                          Necromancy/Summoning         7
   b - Borgnjor's Revivification      Necromancy                   8
   c - Death's Door                   Charms/Necromancy            8
   d - Infestation                    Necromancy                   8
   e - Necromutation                  Transmutation/Necromancy     8
Comestibles
 c - 43 bread rations
 h - 22 fruits
 k - 15 meat rations
 p - 4 chunks of flesh


   Skills:
 + Level 12.0 Fighting
   Level 14.3 Long Blades
 * Level 14.8 Maces & Flails
 + Level 8.9 Armour
 + Level 11.5 Dodging
 + Level 10.4 Stealth
 + Level 10.6 Shields
 + Level 22.4 Spellcasting
 + Level 3.5 Conjurations
   Level 7.9 Hexes
 * Level 8.5 Charms
 + Level 8.0 Summonings
 + Level 24.0 Necromancy
 + Level 2.6 Translocations
 * Level 5.9 Air Magic
 + Level 3.0 Evocations


You had 3 spell levels left.
You knew the following spells:

 Your Spells              Type           Power        Failure   Level  Hunger
a - Bolt of Draining      Conj/Necr      #######...   1%          5    None
b - Vampiric Draining     Necr           ########..   0%          3    None
c - Regeneration          Chrm/Necr      #######...   0%          3    None
d - Animate Dead          Necr           N/A          0%          4    None
e - Control Undead        Necr           ########..   0%          4    None
f - Repel Missiles        Chrm/Air       ######       1%          2    None
g - Dispel Undead         Necr           ########     0%          5    None
h - Haunt                 Necr/Summ      #######...   1%          7    ###....
i - Sublimation of Blood  Necr           ########..   0%          2    None
j - Death Channel         Necr           ########..   1%          6    None
k - Recall                Summ/Tloc      N/A          1%          3    None
l - Infestation           Necr           ########..   1%          8    #####..
m - Blink                 Tloc           N/A          1%          2    None
n - Borgnjor's Revivific  Necr           ########..   1%          8    #####..
o - Cigotuvi's Embrace    Necr           ########..   0%          5    None


Dungeon Overview and Level Annotations

Branches:
Dungeon (15/15)            Temple (1/1) D:7            Lair (6/6) D:8
 Shoals (4/4) Lair:4       Spider (4/4) Lair:3        Slime (5/5) Lair:6
    Orc (2/2) D:12            Elf (3/3) Orc:2        Vaults (5/5) D:14
  Crypt (3/3) Vaults:2       Tomb (2/3) Crypt:3      Depths (5/5) D:15
   Hell (1/1)                 Zot (3/5) Depths:5
    Dis: Hell:1         Geh: Hell:1         Coc: Hell:1         Tar: Hell:1

Altars:
Ashenzari
Cheibriados
Dithmenos
Elyvilon
Fedhas
Gozag
Hepliaklqana
Kikubaaqudgha
Makhleb
Nemelex Xobeh
Okawaru
Qazlal
Ru
Sif Muna
Trog
Uskayaw
Vehumet
Xom
Yredelemnul
Zin
The Shining One
Beogh

Shops:
D:5 [   D:8 *   D:14 *%   Orc:2 **[=(   Elf:3 *[%*   Shoals:2 =?   Vaults:2 :
Vaults:5 ???([:}   Depths:1 (*?}

Portals:
Hell: Depths:1 Depths:2 Depths:3 Depths:4 Depths:5
Abyss: Depths:1 Depths:4
Pandemonium: Depths:2 Depths:3
Ziggurat: Depths:1

Annotations:
D:6 Uhlv's ghost, novice MiBe
Depths:5 3 runed doors
Hell Geryon
Zot:2 Tiamat


Innate Abilities, Weirdness & Mutations

You have claws for hands.
You are completely covered in thin metallic scales. (AC +4, rElec)
Your flesh is cold resistant. (rC+)
You are completely attuned to the shadows.
A frigid envelope surrounds you and freezes all who hurt you.
You are completely covered in sharp spines.
You are immune to freezing clouds.
You have a pair of small horns on your head.
You have sharp toenails.
You are agile. (Dex +2)
You possess an exceptional clarity of mind.
You are dopey. (Int -2)
Your magical capacity is low. (-10% MP)
You are resistant to hostile enchantments. (MR+)
You are resistant to electric shocks. (rElec)
You rapidly evolve.
You expend magic power (3 MP) to strengthen your wands.


Message History

The jiangshi is almost destroyed.
The jiangshi claws you!!
* * * LOW HITPOINT WARNING * * *
The jiangshi draws strength from your injuries!
The jiangshi resists.
The jiangshi is very cold.
The jiangshi is almost destroyed.
The jiangshi is struck by your spines. The jiangshi claws you!!
* * * LOW HITPOINT WARNING * * *
The jiangshi draws strength from your injuries!
The jiangshi resists.
The jiangshi is very cold.
The jiangshi is almost destroyed.
You block the jiangshi's attack. You block the apocalypse crab's attack.
The apocalypse crab barely misses you.
The chaos spawn gores you but does no damage.
The chaos spawn is very cold.
The chaos spawn is heavily wounded.
You block the large abomination's attack.
The jiangshi closely misses you. The jiangshi claws you!
You die...
Kikubaaqudgha rasps: "You have failed me!
Welcome... death!"

.....
..#..#
###....#
#......#
#
.#.∩.t...
...'@)...
..#4XV...
...#)....
#).[†)..#
###......
.. .. )
V.. . .##
. . . .
... . . .
......
.....


You could see a jiangshi, an apocalypse crab, a large abomination and a chaos
spawn.

Vanquished Creatures
  Mennas (Depths:4)
  Boris (Crypt:3)
  4 curse toes
  7 golden dragons
  3 profane servitors
  3 bone dragons
  The ghost of p0werm0de the Executioner, an adept MiBe of Trog (Vaults:5)
  A Tzitzimitl (Depths:4)
  A shard shrike zombie (Crypt:1)
  4 liches
  10 tentacled monstrosities
  An Ice Fiend (IceCv)
  2 deep elf blademasters
  2 quicksilver dragons
  A titan (Vaults:5)
  The ghost of Leybi the Warrior, an adept MiFi of Makhleb (Elf:2)
  2 Executioners
  5 death cobs
  10 acid blobs
  10 ancient champions
  8 tentacled starspawn
  5 sphinxes
  7 shadow dragons
  2 tengu reavers
  3 draconian monks
  5 azure jellies
  13 storm dragons
  A revenant (Crypt:3)
  4 iron dragons
  3 draconian knights
  3 fire giants
  A deep elf sorcerer (Elf:1)
  4 vault wardens
  A draconian shifter (Depths:5)
  2 emperor scorpions (Spider:4)
  3 ghost moths
  A juggernaut zombie (Crypt:2)
  2 draconian scorchers
  3 ghouls
  2 draconian zealots
  4 deep elf elementalists (Elf:3)
  A curse skull (Crypt:2)
  4 ironheart preservers
  2 draconian callers
  15 very ugly things
  A war gargoyle (Vaults:5)
  An entropy weaver (Spider:3)
  14 stone giants
  A bennu (Tomb:2)
  2 deep elf demonologists
  8 vampire knights
  A white draconian (Zot:1)
  5 black draconians
  A lorocyproca (Abyss:3)
  4 green draconians
  7 deep elf annihilators
  4 spark wasps
  6 yellow draconians
  3 purple draconians
  4 red draconians
  3 mottled draconians
  Azrael (Orc:2)
  2 merfolk javelineers (Shoals:4)
  9 eidola
  2 blizzard demons
  5 deep elf death magi
  7 ettins
  A quicksilver dragon zombie (Crypt:1)
  A mummy priest (Tomb:1)
  4 death oozes (Slime:5)
  9 ogre magi
  2 deep elf high priests (Elf:3)
  8 jiangshi
  A merfolk impaler (Shoals:4)
  Erolcha (D:9)
  8 yaktaur captains
  3 great orbs of eyes
  6 fire dragons
  3 vault guards
  7 ice dragons
  A rakshasa (Abyss:5)
  2 quicksilver dragon skeletons
  5 hydras
  A catoblepas (D:15)
  3 merfolk aquamancers
  4 death knights
  7 centaur warriors
  25 dancing weapons
  8 death scarabs
  2 tengu warriors
  11 vampire magi
  17 thrashing horrors
  A satyr (Shoals:3)
  A hell hog (Abyss:5)
  A death yak (Spider:1)
  6 deep troll earth magi
  3 orc high priests (Orc:2)
  2 deep troll shamans (Depths:5)
  9 wretched stars
  15 deep elf knights
  Sonja (Lair:1)
  2 soul eaters
  3 sun demons
  6 shadow wraiths
  3 spatial maelstroms
  4 sixfirhies
  2 salamander mystics
  5 sea snakes
  An anaconda zombie (Crypt:3)
  18 skeletal warriors
  5 unseen horrors
  8 glowing orange brains
  4 flayed ghosts
  A death drake (Zot:3)
  10 deep trolls
  A swamp dragon (Zot:2)
  4 ironbrand convokers
  4 wizards
  An orange crystal statue (Depths:4)
  50 deep elf magi
  A harpy (Vaults:5)
  4 hill giants
  7 orb spiders
  6 necromancers
  8 deep elf archers
  6 phantasmal warriors
  A shadow dragon skeleton (Abyss:1)
  A stone giant zombie (Tomb:1)
  5 orc knights
  A frost giant zombie (Crypt:3)
  16 wolf spiders
  5 shining eyes
  A shining eye (shapeshifter) (Vaults:3)
  4 orc sorcerers
  17 ugly things
  2 oklob plants (Lair:4)
  4 worldbinders
  5 manticores
  9 moths of wrath
  2 salamanders (Depths:2)
  4 fauns
  6 cyclopes
  An iron dragon skeleton (Crypt:2)
  9 elephants
  A black mamba (Lair:1)
  An eye of devastation (Abyss:5)
  4 sirens
  8 vault sentinels
  3 ice statues (IceCv)
  6 centaur zombies
  8 smoke demons
  2 dire elephant zombies
  A rust devil (Depths:2)
  A shock serpent skeleton (Hell)
  A gargoyle (D:14)
  A water nymph (Shoals:4)
  A rime drake (Lair:5)
  A dire elephant skeleton (Crypt:1)
  2 centaur skeletons
  2 orange demons
  15 spiny frogs
  4 hellions
  13 ice devils
  2 komodo dragons (shapeshifter)
  A kobold demonologist (Abyss:1)
  A tormentor (Abyss:1)
  3 komodo dragons
  4 efreet
  8 freezing wraiths
  11 yaktaurs
  2 tengu conjurers (D:14)
  12 demonic crawlers
  8 guardian mummies
  A golden dragon simulacrum (IceCv)
  6 ancient zymes
  A black draconian skeleton (Crypt:1)
  4 hellwings
  An anaconda simulacrum (Crypt:2)
  14 merfolk
  15 jumping spiders
  A jumping spider (shapeshifter) (Vaults:1)
  A spectral merfolk (Depths:4)
  10 trolls
  2 hornets
  A merfolk (shapeshifter) (Depths:4)
  11 two-headed ogres
  Prince Ribbit (D:7)
  A wind drake (Shoals:1)
  16 small abominations
  A fire dragon zombie (Crypt:3)
  10 raiju
  27 slime creatures
  7 snapping turtles
  2 two-headed ogres (shapeshifter)
  A harpy skeleton (Crypt:3)
  7 hippogriffs
  14 large abominations
  16 blink frogs
  3 bog bodies
  3 dream sheep
  6 air elementals
  18 starcursed masses
  14 flying skulls
  3 vampires (Depths:4)
  2 dire elephant simulacra (IceCv)
  10 shadows
  37 redbacks
  8 water elementals
  A basilisk (Lair:3)
  5 ynoxinuls
  An ice dragon skeleton (Vaults:1)
  An ushabti (Crypt:3)
  43 yaks
  18 tarantellas
  5 wyverns
  10 wraiths
  15 humans (D:14)
  10 golden eyes
  5 fire elementals (Elf:1)
  7 chaos spawn
  A golden eye (shapeshifter) (Depths:5)
  6 vampire mosquitoes
  A steam dragon (Lair:2)
  3 neqoxecs
  7 mottled dragons
  3 spatial vortices
  Menkaure (Ossuary)
  An iron troll simulacrum (IceCv)
  5 insubstantial wisps
  A harpy simulacrum (IceCv)
  7 wargs
  9 water moccasins
  6 porcupines
  A deep troll skeleton (Vaults:1)
  10 hell hounds
  A water nymph skeleton (Crypt:3)
  4 hydra simulacra (IceCv)
  A spiny frog zombie (Crypt:3)
  An ettin simulacrum (IceCv)
  A floating eye (Depths:4)
  A snapping turtle zombie (Crypt:2)
  32 orc warriors
  A torturous demonspawn skeleton (Crypt:1)
  A swamp drake (D:12)
  3 phantoms
  3 sky beasts
  A black bear (D:10)
  2 ice beasts
  3 necrophages
  6 eyes of draining
  14 wolves
  28 ogres
  5 boggarts
  21 centaurs
  16 killer bees
  11 crocodiles
  25 bullfrogs
  5 earth elementals
  A cyclops zombie (Crypt:3)
  A hell hound zombie (Crypt:2)
  A wyvern zombie (D:13)
  A yaktaur skeleton (Crypt:3)
  A draconian skeleton (Crypt:2)
  9 scorpions
  A spectral ogre (Depths:4)
  8 wights
  5 howler monkeys
  10 jellies
  3 electric eels
  2 spectral centaurs (Depths:4)
  7 crimson imps
  3 bullfrog zombies
  4 hounds
  30 orc priests
  A human zombie (Crypt:2)
  29 orc wizards
  2 bullfrog skeletons
  8 worker ants
  5 iguanas
  A troll simulacrum (Depths:4)
  A deep dwarf zombie (Crypt:3)
  A mottled dragon skeleton (Crypt:3)
  2 hound zombies
  7 mummies
  Robin (D:4)
  13 adders
  5 shadow imps
  2 white imps
  2 ufetubi (Abyss:3)
  3 oozes
  A halfling zombie (Crypt:1)
  2 worms
  2 dart slugs
  4 leopard geckos
  85 orcs
  3 ball pythons
  9 giant cockroaches
  16 goblins
  6 hobgoblins
  4 jackals
  9 kobolds
  4 quokkas
  A ball python zombie (D:5)
  7 bats
  4 frilled lizards
  A gnoll skeleton (Ossuary)
  A goblin skeleton (Ossuary)
  4 goblin zombies
  A hobgoblin skeleton (Ossuary)
  2 hobgoblin zombies (Ossuary)
  A kobold skeleton (Ossuary)
  3 kobold zombies (Ossuary)
  2 orc skeletons (Ossuary)
  2 orc zombies (Ossuary)
  2 quokka skeletons
  8 rats
  3 rat skeletons (Ossuary)
  2 rat zombies
  2 fungi
  3 pillars of salt (Vaults:1)
  3 starspawn tentacles
1834 creatures vanquished.

Vanquished Creatures (collateral kills)
  the Royal Jelly (Slime:5)
  An orb of fire (Zot:1)
  4 greater mummies
  8 golden dragons
  3 bone dragons
  Arachne (Spider:4)
  3 liches
  An electric golem (Zot:1)
  12 tentacled monstrosities
  A hellephant (Abyss:3)
  4 titans
  A death cob (Zot:2)
  10 sphinxes
  11 acid blobs
  An ancient champion (Crypt:3)
  2 tentacled starspawn
  9 storm dragons
  4 tengu reavers
  2 draconian monks
  7 azure jellies
  13 shadow dragons
  8 frost giants
  Ilsuiw (Shoals:4)
  5 fire giants
  A ghost moth (shapeshifter) (Vaults:2)
  Louise (D:14)
  An iron dragon (Depths:2)
  An orc warlord (Orc:2)
  10 vault wardens
  5 ghost moths
  A cacodemon (Abyss:5)
  4 draconian knights
  A balrug (Depths:3)
  5 deep elf sorcerers
  6 draconian shifters
  4 draconian scorchers
  4 emperor scorpions
  A deep elf elementalist (Depths:4)
  A draconian zealot (Zot:1)
  A ghoul (Crypt:2)
  18 very ugly things
  14 stone giants
  2 draconian callers
  10 ironheart preservers
  2 draconian annihilators
  3 entropy weavers
  3 black draconians
  7 green draconians
  7 deep elf annihilators
  4 mottled draconians
  3 white draconians
  A dire elephant (D:15)
  10 purple draconians
  2 red draconians
  3 spark wasps (Depths:1)
  4 yellow draconians
  3 deep elf death magi
  2 eidola
  10 ettins
  A minotaur (Lab)
  4 merfolk impalers
  9 merfolk javelineers (Shoals:4)
  6 mummy priests
  5 death oozes
  A green death (Hell)
  4 yaktaur captains
  3 deep elf high priests
  12 fire dragons
  7 jiangshi
  9 ogre magi
  3 great orbs of eyes
  14 ice dragons
  A rakshasa (Depths:3)
  5 merfolk avatars
  23 vault guards
  A catoblepas (Lair:5)
  3 centaur warriors
  A spriggan air mage (Depths:5)
  2 anacondas (shapeshifter)
  6 death knights
  A satyr (Shoals:4)
  8 dancing weapons
  26 death scarabs
  A death yak (shapeshifter) (Depths:4)
  An orc high priest (Elf:1)
  7 deep troll shamans
  2 spriggan berserkers
  5 deep troll earth magi
  4 deep elf knights
  5 thrashing horrors
  3 soul eaters
  7 vampire magi
  A sun demon (Hell)
  A sixfirhy (Hell)
  A shadow wraith (Abyss:2)
  A golden dragon zombie (Crypt:2)
  4 wretched stars
  11 skeletal warriors
  6 sea snakes
  A death drake (Depths:4)
  3 glowing orange brains
  30 deep trolls
  8 deep elf archers
  2 wizards
  An orange crystal statue (Depths:4)
  A golden dragon skeleton (Crypt:2)
  2 hill giants
  3 harpies (Vaults:5)
  An iron giant skeleton (Crypt:1)
  9 phantasmal warriors
  20 wolf spiders
  A mana viper (Depths:4)
  5 necromancers
  8 orc knights
  A wolf spider (shapeshifter) (Vaults:5)
  6 ironbrand convokers
  A wolf spider zombie (Crypt:2)
  20 deep elf magi
  25 ugly things
  2 shining eyes
  9 manticores
  2 orc sorcerers
  4 salamanders
  2 glowing shapeshifters (Vaults:5)
  2 oklob plants
  13 large abominations
  8 fauns
  8 orb spiders
  3 cyclopes
  8 elephants
  An elephant (shapeshifter) (Depths:1)
  2 guardian serpents (shapeshifter)
  A black mamba (shapeshifter) (Vaults:5)
  3 worldbinders (Abyss:5)
  8 moths of wrath
  A water nymph (Shoals:4)
  5 sirens
  An eye of devastation (shapeshifter) (Vaults:5)
  2 apocalypse crabs (Abyss:5)
  3 spiny frogs
  3 rust devils (Depths:2)
  9 vault sentinels
  2 orange demons
  3 smoke demons
  A hellion (Depths:2)
  A torpor snail (Spider:4)
  A centaur skeleton (D:15)
  An efreet (Abyss:5)
  9 demonic crawlers
  A spectral merfolk (Depths:4)
  A grey draconian skeleton (Crypt:1)
  22 yaktaurs
  A hellwing (Abyss:5)
  5 ancient zymes
  A catoblepas skeleton (Crypt:1)
  3 freezing wraiths
  2 red devils (Depths:3)
  5 wind drakes
  20 merfolk
  4 guardian mummies
  3 trolls
  24 jumping spiders
  4 tyrant leeches
  2 merfolk (shapeshifter) (Depths:4)
  19 two-headed ogres
  A queen bee (shapeshifter) (Depths:5)
  9 raiju
  7 hornets
  5 snapping turtles
  A wolf spider simulacrum (Abyss:5)
  3 hippogriffs
  9 dream sheep
  A stone giant simulacrum (Vaults:2)
  45 slime creatures
  7 blink frogs
  3 flying skulls
  2 alligator zombies (Crypt:1)
  3 shadows
  10 water elementals
  3 wraiths
  40 redbacks
  A spriggan (shapeshifter) (Vaults:1)
  An air elemental (Depths:5)
  A hog (shapeshifter) (Depths:2)
  8 yaks
  12 tarantellas
  A wyvern (D:11)
  6 ushabtiu
  A fire elemental (Elf:1)
  5 golden eyes
  A golden eye (shapeshifter) (Vaults:1)
  A basilisk (Lair:6)
  A fire bat (shapeshifter) (Vaults:5)
  2 neqoxecs (Abyss:5)
  4 humans (D:14)
  A vampire mosquito (D:12)
  A chaos spawn (Abyss:5)
  A soldier ant (shapeshifter) (Abyss:5)
  3 wargs
  A swamp worm (shapeshifter) (Vaults:5)
  A spectral troll (Depths:4)
  A deep troll skeleton (Vaults:1)
  4 hell hounds
  7 small abominations
  A porcupine (Lair:3)
  A hydra simulacrum (Depths:4)
  3 spectral spriggans (Depths:4)
  2 snapping turtle zombies
  21 orc warriors
  A floating eye (Depths:4)
  A black bear (shapeshifter) (Vaults:5)
  A necrophage (Crypt:2)
  4 starcursed masses (Abyss:5)
  A sky beast (D:12)
  A spiny frog skeleton (Crypt:1)
  2 eyes of draining
  A human zombie (Vaults:1)
  38 ogres
  3 wolves (Depths:4)
  A swamp dragon skeleton (Crypt:1)
  A dream sheep skeleton (Crypt:3)
  4 centaurs
  A manticore skeleton (Crypt:1)
  A crocodile (Lair:3)
  A big kobold (D:12)
  5 bullfrogs
  2 earth elementals (Elf:2)
  A scorpion (D:11)
  2 spectral nagas (Depths:4)
  A swamp dragon simulacrum (Abyss:1)
  A killer bee (D:7)
  6 wights
  6 electric eels (Lair:6)
  A spectral centaur (Depths:4)
  A quasit (Abyss:4)
  A jelly (Lair:6)
  5 orc priests
  3 orc wizards
  A hound (Lair:3)
  5 mummies (Tomb:1)
  2 naga simulacra (Depths:4)
  An adder skeleton (D:9)
  A halfling skeleton (Crypt:2)
  A leopard gecko (D:9)
  15 orcs
  2 jackals (D:10)
  2 kobolds (D:12)
  2 fungi
  8 pillars of salt (Vaults:1)
  18 plants
1263 creatures vanquished.

Vanquished Creatures (others)
  A deep elf master archer (Elf:3)
  A tentacled starspawn (Abyss:5)
  A storm dragon (Zot:1)
  A blizzard demon (Abyss:5)
  A green death (Abyss:5)
  A merfolk javelineer (Shoals:1)
  A centaur warrior (D:15)
  A death scarab (Tomb:2)
  2 thrashing horrors (Abyss:5)
  3 deep elf knights
  5 large abominations (Abyss:5)
  A sixfirhy (Abyss:5)
  A wizard (Depths:2)
  An ironbrand convoker (Vaults:5)
  A flayed ghost (Abyss:5)
  A necromancer (Abyss:5)
  A deep elf mage (Elf:2)
  A wolf spider (Spider:2)
  An orc sorcerer (Elf:1)
  A naga mage (Abyss:5)
  2 guardian serpents (Abyss:5)
  A smoke demon (Abyss:5)
  3 ancient zymes (Abyss:5)
  2 raiju (Abyss:5)
  A redback (Spider:2)
  A ynoxinul (Abyss:5)
  3 water elementals
  20 dancing weapons
  A yak (D:9)
  A neqoxec (Abyss:5)
  3 spatial vortices (Abyss:5)
  2 nagas (Abyss:5)
  An orc warrior (Orc:2)
  An eye of draining (Abyss:5)
  A killer bee (D:7)
  A boggart (Depths:3)
  A centaur (D:15)
  A warg zombie (Crypt:3)
  A spectral ogre (Depths:4)
  An orc priest (D:13)
  4 small abominations (Abyss:5)
  2 mummies (Ossuary)
  2 orcs (Orc:2)
  2 gnoll skeletons (Ossuary)
  5 goblin skeletons (Ossuary)
  A goblin zombie (Ossuary)
  5 hobgoblin zombies (Ossuary)
  2 kobold skeletons (Ossuary)
  3 kobold zombies (Ossuary)
  4 orc skeletons (Ossuary)
  3 orc zombies (Ossuary)
  3 rat skeletons (Ossuary)
  2 rat zombies (Ossuary)
  25 fungi
  8 lurking horrors
  39 plants
  19 starspawn tentacles
204 creatures vanquished.

Grand Total: 3301 creatures vanquished

Notes
Turn   | Place    | Note
-------+----------+-------------------------------------------
     0 | D:1      | dvd the Demonspawn Necromancer began the quest for the Orb.
     0 | D:1      | Reached XP level 1. HP: 13/13 MP: 3/3
   647 | D:1      | Gained mutation: You are partially covered in thin metallic scales. (AC +2) [demonic ancestry]
   647 | D:1      | Reached XP level 2. HP: 17/19 MP: 1/5
  1187 | D:2      | Found a blossoming altar of Fedhas.
  1665 | D:2      | Gained mutation: You have sharp fingernails. [demonic ancestry]
  1665 | D:2      | Reached XP level 3. HP: 24/24 MP: 7/7
  1670 | D:2      | Learned a level 3 spell: Vampiric Draining
  1674 | D:2      | Learned a level 3 spell: Regeneration
  2132 | D:3      | Reached skill level 5 in Necromancy
  2267 | D:3      | Reached XP level 4. HP: 14/31 MP: 0/8
  2456 | D:3      | Reached XP level 5. HP: 36/36 MP: 8/10
  2561 | D:3      | Found a glowing golden altar of the Shining One.
  3091 | D:4      | Found a bloodstained altar of Trog.
  3417 | D:4      | Found a sand-covered staircase.
  3444 | Ossuary  | Entered an ossuary
  3498 | Ossuary  | Reached skill level 1 in Maces & Flails
  3761 | Ossuary  | Noticed Menkaure
  3765 | Ossuary  | Killed Menkaure
  3765 | Ossuary  | Reached skill level 1 in Fighting
  3938 | D:4      | Gained mutation: You are partially covered in sharp spines. [demonic ancestry]
  3938 | D:4      | Reached XP level 6. HP: 42/43 MP: 8/11
  3974 | D:4      | Noticed Robin
  3985 | D:4      | Killed Robin
  4022 | D:4      | Learned a level 4 spell: Animate Dead
  4277 | D:4      | Reached skill level 1 in Charms
  4323 | D:5      | Entered Level 5 of the Dungeon
  4336 | D:5      | Gained mutation: You are resistant to hostile enchantments. (MR+) [potion of mutation]
  4336 | D:5      | Gained mutation: Armour fits poorly on your strangely shaped body. [potion of mutation]
  4336 | D:5      | Gained mutation: Your body sometimes deteriorates upon taking damage. [potion of mutation]
  4431 | D:5      | Gained mutation: You are mostly covered in thin metallic scales. (AC +3) [demonic ancestry]
  4431 | D:5      | Reached XP level 7. HP: 20/48 MP: 3/13
  4760 | D:5      | Found Pianiel's Armour Emporium.
  4844 | D:5      | Bought the cursed +0 robe of Boredom {rElec rCorr} for 190 gold pieces
  4994 | D:5      | Reached skill level 6 in Necromancy
  5160 | D:5      | Learned a level 3 spell: Confuse
  5796 | D:6      | Noticed Uhlv's ghost (novice MiBe)
  5928 | D:6      | Found a glowing silver altar of Zin.
  5981 | D:6      | Reached skill level 1 in Hexes
  5981 | D:6      | Reached XP level 8. HP: 57/57 MP: 15/15
  6046 | D:6      | Reached skill level 5 in Spellcasting
  6665 | D:7      | Learned a level 4 spell: Control Undead
  6962 | D:7      | Found a shadowy altar of Dithmenos.
  7053 | D:7      | Found a staircase to the Ecumenical Temple.
  7053 | D:7      | Noticed Prince Ribbit
  7060 | D:7      | Killed Prince Ribbit
  7066 | Temple   | Entered the Ecumenical Temple
  7108 | Temple   | Became a worshipper of Kikubaaqudgha
  7308 | D:7      | Reached skill level 7 in Necromancy
  7315 | D:7      | Gained mutation: You are slightly more attuned to the shadows. [demonic ancestry]
  7315 | D:7      | Reached XP level 9. HP: 57/62 MP: 17/17
  7378 | D:7      | Found a basalt altar of Yredelemnul.
  7448 | D:7      | Found a shattered altar of Ashenzari.
  7448 | D:7      | Found a shimmering altar of Xom.
  7554 | D:7      | Learned a level 2 spell: Repel Missiles
  7647 | D:7      | Found a hazy altar of Hepliaklqana.
  7834 | D:8      | Found an iron altar of Okawaru.
  7979 | D:8      | Reached * piety under Kikubaaqudgha
  7979 | D:8      | Identified Kikubaaqudgha's Handbook of Evil Magic (Kikubaaqudgha gifted it to you on level 8 of the Dungeon)
  7979 | D:8      | Received a gift from Kikubaaqudgha
  8264 | D:8      | Noticed a komodo dragon
  8264 | D:8      | Found a staircase to the Lair.
  8272 | D:8      | Killed a komodo dragon
  8396 | D:8      | Found Taruepea's Assorted Antiques.
  8717 | D:9      | Noticed a deep elf mage
  8743 | D:9      | Killed a deep elf mage
  8743 | D:9      | Reached skill level 5 in Maces & Flails
  8743 | D:9      | Reached skill level 8 in Necromancy
  8873 | D:9      | Noticed a troll
  8874 | D:9      | Noticed a deep elf mage
  8885 | D:9      | Killed a troll
  8892 | D:9      | Killed a deep elf mage
  8892 | D:9      | Gained mutation: You are completely covered in thin metallic scales. (AC +4, rElec) [demonic ancestry]
  8892 | D:9      | Reached XP level 10. HP: 61/70 MP: 5/21
  8981 | D:9      | Noticed Erolcha
  9037 | D:9      | Killed Erolcha
  9234 | D:9      | Reached skill level 9 in Necromancy
  9883 | D:9      | Learned a level 3 spell: Dazzling Spray
  9887 | D:9      | Learned a level 3 spell: Tukima's Dance
  9894 | D:10     | Entered Level 10 of the Dungeon
  9894 | D:10     | Noticed a hill giant
  9903 | D:10     | Killed a hill giant
  9937 | D:10     | Reached ** piety under Kikubaaqudgha
 10201 | D:10     | Reached skill level 5 in Dodging
 10448 | D:10     | Reached XP level 11. HP: 78/78 MP: 23/23
 10695 | D:10     | Noticed a hill giant
 10703 | D:10     | Killed a hill giant
 10703 | D:10     | Reached skill level 10 in Necromancy
 10760 | D:10     | Learned a level 2 spell: Sublimation of Blood
 10912 | Lair:1   | Entered Level 1 of the Lair of Beasts
 11055 | Lair:1   | Reached *** piety under Kikubaaqudgha
 11055 | Lair:1   | Identified Kikubaaqudgha's Guide on Evil (Kikubaaqudgha gifted it to you on level 1 of the Lair of Beasts)
 11055 | Lair:1   | Received a gift from Kikubaaqudgha
 11065 | Lair:1   | Reached skill level 5 in Stealth
 11296 | Lair:1   | Noticed Sonja
 11298 | Lair:1   | Killed Sonja
 12066 | Lair:1   | Learned a level 5 spell: Dispel Undead
 12654 | Lair:2   | Got a bloodstained long sword
 12655 | Lair:2   | Identified the +6 long sword of Sunlight {protect, *Drain rElec rC++} (You found it on level 2 of the Lair of Beasts)
 13022 | Lair:3   | Reached skill level 1 in Long Blades
 13022 | Lair:3   | Reached skill level 10 in Spellcasting
 13095 | Lair:3   | Reached skill level 5 in Fighting
 13163 | Lair:3   | Found a labyrinth entrance.
 13171 | Lab      | Entered a labyrinth
 13585 | Lab      | Noticed a minotaur
 13595 | Lab      | Killed a minotaur
 13595 | Lab      | Reached skill level 11 in Necromancy
 13758 | Lair:3   | Reached skill level 5 in Hexes
 13845 | Lair:3   | Found a hole to the Spider Nest.
 13849 | Lair:3   | Gained mutation: You have very sharp fingernails. [demonic ancestry]
 13849 | Lair:3   | Reached XP level 12. HP: 86/86 MP: 19/26
 14928 | Lair:4   | Found a staircase to the Shoals.
 14947 | Lair:4   | Noticed a four-headed hydra
 14961 | Lair:4   | Killed a four-headed hydra
 14976 | Lair:4   | Reached skill level 1 in Evocations
 15913 | Lair:5   | Noticed a catoblepas
 15932 | Lair:5   | Killed a catoblepas
 16566 | Lair:6   | Entered Level 6 of the Lair of Beasts
 16819 | Lair:6   | Found a staircase to the Slime Pits.
 16959 | Lair:6   | Reached skill level 5 in Long Blades
 17067 | Lair:5   | Noticed a six-headed hydra
 17148 | Lair:5   | Killed a seven-headed hydra
 17283 | Lair:6   | Reached skill level 1 in Shields
 17293 | Lair:6   | Reached skill level 12 in Necromancy
 17311 | Lair:6   | Reached XP level 13. HP: 64/93 MP: 8/28
 17671 | Lair:5   | Reached **** piety under Kikubaaqudgha
 18994 | Lair:6   | Reached ***** piety under Kikubaaqudgha
 19781 | D:11     | Found a snail-covered altar of Cheibriados.
 20256 | D:12     | Gained mutation: Your magical capacity is low. (-10% MP) [mutagenic meat]
 20257 | D:12     | Lost mutation: Your body sometimes deteriorates upon taking damage. [mutagenic meat]
 20258 | D:12     | Gained mutation: You are resistant to electric shocks. (rElec) [mutagenic meat]
 20259 | D:12     | Lost mutation: Armour fits poorly on your strangely shaped body. [mutagenic meat]
 20671 | D:12     | Found a staircase to the Orcish Mines.
 21084 | Orc:1    | Entered Level 1 of the Orcish Mines
 21117 | Orc:1    | Reached ****** piety under Kikubaaqudgha
 21270 | Orc:1    | Gained mutation: You have claws for hands. [demonic ancestry]
 21270 | Orc:1    | Reached XP level 14. HP: 100/100 MP: 27/27
 21715 | Orc:2    | Entered Level 2 of the Orcish Mines
 22202 | Orc:2    | Found a staircase to the Elven Halls.
 22346 | Orc:2    | Reached skill level 13 in Necromancy
 22438 | Orc:2    | Found Iraap's Assorted Antiques.
 22454 | Orc:2    | Bought a pair of glowing boots for 283 gold pieces
 22557 | Orc:1    | Identified a +2 pair of boots of running (You bought it in a shop on level 2 of the Orcish Mines)
 24022 | Orc:2    | Noticed an orc warlord
 24057 | Orc:2    | Killed an orc warlord
 24225 | Orc:2    | Found Xutownooch's General Store.
 24226 | Orc:2    | Found Fuetega's Jewellery Boutique.
 24227 | Orc:2    | Found Xaeheat's Antique Armour Boutique.
 24227 | Orc:2    | Found Hineryv's Antique Weapon Shop.
 24900 | D:12     | Received a gift from Kikubaaqudgha
 25030 | D:12     | Gained mutation: Your spells are a little easier to cast, but a little less powerful. [mutagenic meat]
 25031 | D:12     | Gained mutation: You passively map a small area around you. [mutagenic meat]
 25032 | D:12     | Gained mutation: You are dopey. (Int -2) [mutagenic meat]
 25033 | D:12     | Gained mutation: You are weak. (Str -2) [mutagenic meat]
 25601 | D:13     | Found a shimmering altar of Xom.
 26191 | D:13     | Identified a +1 rod of inaccuracy (13/13) (You found it on level 13 of the Dungeon)
 26784 | D:14     | Found Gobluq's Food Shop.
 27159 | D:14     | Noticed Louise
 27179 | D:14     | Killed Louise
 27322 | D:14     | Found a white marble altar of Elyvilon.
 27322 | D:14     | Noticed an angel
 27325 | D:14     | Found Govoahy's Hallowed Reliquary.
 27637 | D:14     | Reached skill level 10 in Long Blades
 27650 | D:14     | Found a gate to the Vaults.
 27723 | D:14     | Gained mutation: You are mostly covered in sharp spines. [demonic ancestry]
 27723 | D:14     | Reached XP level 15. HP: 92/107 MP: 15/28
 27920 | D:14     | Found a basalt altar of Yredelemnul.
 28439 | Spider:1 | Entered Level 1 of the Spider Nest
 28473 | Lair:3   | Reached skill level 1 in Armour
 28695 | Spider:1 | Noticed a ghost moth
 28704 | Spider:1 | Killed a ghost moth
 30081 | Spider:2 | Found a roughly hewn altar of Beogh.
 30111 | Spider:2 | Got a bloodstained dagger
 30136 | Spider:2 | Reached skill level 14 in Necromancy
 30563 | Spider:3 | Identified a scroll of acquirement
 30564 | Spider:3 | Got a pair of jewelled boots
 30585 | Spider:3 | Identified the +2 pair of boots "Maet" {rPois rF+ Int+2 Stlth-} (You acquired it on level 3 of the Spider Nest)
 30799 | Spider:2 | Learned a level 6 spell: Death Channel
 30803 | Spider:2 | Learned a level 3 spell: Recall
 31036 | Spider:3 | Identified the cursed +1 dagger "Ehywkis" {antimagic, Dex+3} (You found it on level 2 of the Spider Nest)
 31070 | Spider:3 | Noticed a ghost moth
 31075 | Spider:3 | Killed a ghost moth
 31312 | Spider:3 | Learned a level 2 spell: Shroud of Golubria
 31801 | Spider:4 | Entered Level 4 of the Spider Nest
 31983 | Spider:4 | Noticed Arachne
 32038 | Spider:4 | Killed Arachne
 32038 | Spider:4 | Reached XP level 16. HP: 115/115 MP: 12/30
 32295 | Spider:4 | Lost mutation: You are dopey. (Int -2) [mutagenic meat]
 32296 | Spider:4 | Gained mutation: You are dopey. (Int -2) [mutagenic meat]
 32297 | Spider:4 | Gained mutation: You are very dopey. (Int -4) [mutagenic meat]
 32298 | Spider:4 | Gained mutation: Your flesh is heat resistant. (rF+) [mutagenic meat]
 32299 | Spider:4 | Gained mutation: You possess an exceptional clarity of mind. [mutagenic meat]
 32388 | Spider:4 | Reached skill level 1 in Translocations
 32405 | Spider:4 | Got a gossamer rune of Zot
 33623 | Shoals:1 | Entered Level 1 of the Shoals
 34103 | Shoals:1 | Reached skill level 15 in Necromancy
 34518 | Shoals:2 | Found a frozen archway.
 34600 | IceCv    | Entered an ice cave
 35017 | IceCv    | Noticed an Ice Fiend
 35043 | IceCv    | Killed an Ice Fiend
 35263 | IceCv    | Got a dazzling spear
 35282 | IceCv    | Identified the +8 spear "Vumorhuts" {flame, +Fly rPois Str-4} (You found it in an ice cave)
 36088 | Shoals:2 | Found Plog's Magic Scroll Shoppe.
 36113 | Shoals:2 | Bought a scroll of enchant armour for 120 gold pieces
 36268 | Shoals:2 | Found Fyma's Jewellery Shop.
 36498 | Shoals:2 | Bought the amulet of Vighat {Reflect *Slow rC+ Dex+3 SH+4} for 555 gold pieces
 37428 | Shoals:4 | Entered Level 4 of the Shoals
 37579 | Shoals:4 | Gained mutation: You are completely covered in sharp spines. [demonic ancestry]
 37579 | Shoals:4 | Reached XP level 17. HP: 51/122 MP: 16/32
 37809 | Shoals:4 | Lost mutation: You are weak. (Str -2) [potion of cure mutation]
 37809 | Shoals:4 | Lost mutation: You are very dopey. (Int -4) [potion of cure mutation]
 37809 | Shoals:4 | Lost mutation: Your magical capacity is low. (-10% MP) [potion of cure mutation]
 37809 | Shoals:4 | Lost mutation: You are resistant to electric shocks. (rElec) [potion of cure mutation]
 37809 | Shoals:4 | Lost mutation: You are dopey. (Int -2) [potion of cure mutation]
 37831 | Shoals:4 | Reached skill level 15 in Spellcasting
 37989 | Shoals:4 | Got a barnacled rune of Zot
 38451 | Shoals:4 | Reached skill level 1 in Summonings
 38705 | Shoals:4 | Noticed Ilsuiw
 38994 | Shoals:4 | Killed Ilsuiw
 39998 | Elf:1    | Entered Level 1 of the Elven Halls
 40027 | Elf:1    | Noticed Azrael
 40227 | Orc:2    | Killed Azrael
 40466 | D:14     | Bought 2 potions of heal wounds for 170 gold pieces
 40929 | Elf:1    | Reached skill level 16 in Necromancy
 41461 | Elf:1    | Learned a level 8 spell: Infestation
 41772 | Elf:2    | Noticed Leybi's ghost (adept MiFi)
 41899 | Elf:2    | Killed Leybi's ghost
 42204 | Elf:2    | Found a runed gate.
 42204 | Elf:2    | Found a runed gate.
 42204 | Elf:2    | Found a runed gate.
 42740 | Elf:2    | Reached XP level 18. HP: 119/129 MP: 29/37
 42907 | Elf:2    | Reached skill level 5 in Shields
 43080 | Elf:2    | HP: 6/129 [glaive of flaming (1)]
 43801 | Elf:3    | Entered Level 3 of the Elven Halls
 43881 | Elf:3    | Found Ripa Moo's Antique Armour Emporium.
 43904 | Elf:3    | Bought a faintly humming robe for 188 gold pieces
 43914 | Elf:3    | Identified the cursed +0 robe "Aju Jiu" {+Inv rC+ Str+4} (You bought it in a shop on level 3 of the Elven Halls)
 43965 | Elf:3    | Got an encrusted ring mail
 43976 | Elf:3    | Identified the +6 ring mail "Ecval" {Regen+ Int+4} (You found it on level 3 of the Elven Halls)
 44184 | Elf:3    | Found Cucof's Assorted Antiques.
 44511 | Elf:3    | Found Boquotog's Assorted Antiques.
 44593 | Elf:3    | Found Juypuc's Food Emporium.
 45235 | Elf:3    | Reached skill level 17 in Necromancy
 45631 | D:15     | Entered Level 15 of the Dungeon
 45832 | D:15     | Found a staircase to the Depths.
 46039 | D:15     | Found a glowing golden altar of the Shining One.
 46107 | Depths:1 | Entered Level 1 of the Depths
 46200 | Depths:1 | Found Xowas's Gadget Shoppe.
 46214 | Depths:1 | Found Kaihy's Magic Scroll Shoppe.
 46217 | Depths:1 | Found Tighylu's General Store.
 46250 | Depths:1 | Noticed an Ice Fiend
 46256 | Depths:1 | Noticed a lich
 46259 | Depths:1 | Noticed a Tzitzimitl
 46262 | Depths:1 | Killed a lich
 46638 | Depths:1 | Got a crystal rapier
 46639 | Depths:1 | Identified the +1 rapier "Cugheir" {pierce, rC++ MP+9 Dex-3} (You found it on level 1 of the Depths)
 46696 | Depths:1 | Found a gateway to Hell.
 46909 | Depths:1 | Found a gateway to a ziggurat.
 46936 | Depths:1 | Found Doggoal's Antique Weapon Emporium.
 46941 | Depths:1 | Bought a shimmering scimitar for 360 gold pieces
 46941 | Depths:1 | Identified the +6 scimitar "Kaomadul" {antimagic, rF+ rC+ Int-3} (You bought it in a shop on level 1 of the Depths)
 46994 | Depths:1 | Noticed a tentacled monstrosity
 47052 | Depths:1 | Killed a tentacled monstrosity
 47056 | Depths:1 | Gained mutation: You are significantly more attuned to the shadows. [demonic ancestry]
 47056 | Depths:1 | Reached XP level 19. HP: 123/136 MP: 5/39
 47177 | Depths:1 | Found a one-way gate to the infinite horrors of the Abyss.
 47687 | Vaults:1 | Entered Level 1 of the Vaults
 47748 | Vaults:1 | Reached skill level 5 in Armour
 47771 | Vaults:1 | Found a ruined gateway.
 48128 | Vaults:1 | Found an iron altar of Okawaru.
 48275 | Vaults:1 | Found a flickering gateway to a bazaar.
 48282 | Bazaar   | Entered a bazaar
 48286 | Bazaar   | Found Tuahamue's General Store.
 48298 | Bazaar   | Found Cuakirre's Jewellery Emporium.
 48311 | Bazaar   | Found Ceblu's General Store.
 48319 | Bazaar   | Found Affyatrooti's Gadget Emporium.
 48337 | Bazaar   | Bought a wand of teleportation (2/9) for 198 gold pieces
 48345 | Bazaar   | Bought a +0 cloak of poison resistance for 110 gold pieces
 48357 | Bazaar   | Bought an uncursed amulet of magic regeneration for 300 gold pieces
 48369 | Bazaar   | Bought a potion of beneficial mutation for 350 gold pieces
 48372 | Bazaar   | Gained mutation: You have a pair of small horns on your head. [potion of beneficial mutation]
 49012 | Vaults:1 | Learned a level 2 spell: Blink
 50216 | Elf:3    | Cast into level 2 of the Abyss (a deep elf demonologist)
 50248 | Elf:3    | Escaped the Abyss
 50273 | Elf:3    | Got a vibrating platinum ring
 50275 | Elf:3    | Identified the ring "Getan" {MR+ Str+6} (You took it off a deep elf annihilator on level 3 of the Elven Halls)
 50281 | Elf:3    | Got a pitted dagger {flame}
 50282 | Elf:3    | Identified the cursed +0 dagger of the Equator {flame, *Corrode +Inv MP+9 Int+3} (You took it off a deep elf demonologist on level 3 of the Elven Halls)
 50332 | Elf:3    | Got a wavering steel ring
 50425 | Elf:3    | Identified Ryozopp's Guide on the Blistering Traveller
 50429 | Elf:3    | Identified the ring of Day {+Inv AC+3 Int+2 Slay-5} (You took it off a deep elf annihilator on level 3 of the Elven Halls)
 50435 | Elf:3    | Got a vibrating golden ring
 50437 | Elf:3    | Identified the cursed ring "Ohoh" {Str-2 Dex+2} (You found it on level 3 of the Elven Halls)
 52043 | Vaults:2 | Reached skill level 18 in Necromancy
 52389 | Vaults:2 | Found a staircase to the Crypt.
 52487 | Crypt:1  | Entered Level 1 of the Crypt
 53608 | Crypt:1  | Reached XP level 20. HP: 116/144 MP: 16/41
 54274 | Crypt:2  | Found a basalt altar of Yredelemnul.
 54274 | Crypt:2  | Noticed a profane servitor
 54279 | Crypt:2  | Killed a profane servitor
 54316 | Crypt:2  | Got a twitching ruby amulet
 54318 | Crypt:2  | Identified the amulet "Citron" {Reflect rElec rPois rC- Str+2 SH+4} (You took it off a death knight on level 2 of the Crypt)
 54352 | Crypt:2  | Got a fine dagger
 54353 | Crypt:2  | Identified the cursed +3 dagger "Ewkynnir" {flame, *Contam +Fly rF++ Int+4} (You found it on level 2 of the Crypt)
 55721 | Vaults:2 | Got a crude hat
 55732 | Vaults:2 | Identified the +0 hat of Totioj {rC+ rCorr} (You acquired it on level 2 of the Vaults)
 56282 | Vaults:2 | Found Joqoqaaj's Book Shop.
 56304 | Vaults:2 | Bought a book of Death for 1190 gold pieces
 56312 | Vaults:2 | Learned a level 5 spell: Bolt of Draining
 56392 | Vaults:2 | Reached skill level 19 in Necromancy
 56843 | Vaults:3 | Reached skill level 1 in Conjurations
 57398 | Vaults:3 | Reached skill level 5 in Summonings
 58047 | Vaults:3 | Learned a level 7 spell: Haunt
 58706 | Vaults:4 | Gained mutation: Your flesh is cold resistant. (rC+) [demonic ancestry]
 58706 | Vaults:4 | Reached XP level 21. HP: 138/150 MP: 31/43
 59389 | Crypt:3  | Entered Level 3 of the Crypt
 59482 | Crypt:3  | Found a staircase to the Tomb.
 59526 | Crypt:3  | Found a magical portal.
 59700 | Crypt:3  | Noticed Boris
 59708 | Crypt:3  | Killed Boris
 60186 | Crypt:3  | Noticed a curse toe
 60189 | Crypt:3  | Killed a curse toe
 60189 | Crypt:3  | Reached skill level 5 in Charms
 60220 | Crypt:3  | Noticed a greater mummy
 60251 | Crypt:3  | Killed a greater mummy
 60367 | Crypt:3  | Found an ancient bone altar of Kikubaaqudgha.
 60368 | Crypt:3  | Found a basalt altar of Yredelemnul.
 60404 | Crypt:3  | Identified Kikubaaqudgha's Disquisition on Sinister Rituals
 60463 | Crypt:3  | Got a glittering jade ring
 60463 | Crypt:3  | Got a vibrating iron ring
 60465 | Crypt:3  | Identified the ring of Yhuzxed {rPois rN+} (You found it on level 3 of the Crypt)
 60467 | Crypt:3  | Identified the ring of Daisies {rN+ MR+ Str+2} (You found it on level 3 of the Crypt)
 60717 | Crypt:3  | Reached skill level 20 in Necromancy
 62021 | Depths:2 | You fall through a shaft!
 62227 | Depths:2 | Gained mutation: You can translocate small distances at will. [mutagenic meat]
 62240 | Depths:2 | Found a one-way gate leading to the halls of Pandemonium.
 62457 | Depths:2 | Found a white marble altar of Elyvilon.
 63202 | Depths:2 | Reached skill level 10 in Dodging
 63287 | Depths:2 | Got a coiled amber ring
 63303 | Depths:2 | Identified the ring of Betojusch {Ice rPois} (You found it on level 2 of the Depths)
 63443 | Depths:3 | Found a shattered altar of Ashenzari.
 63506 | Depths:3 | Gained mutation: You are immune to freezing clouds. [demonic ancestry]
 63506 | Depths:3 | Reached XP level 22. HP: 56/159 MP: 2/45
 63558 | Depths:3 | Gained mutation: You are weak. (Str -2) [mutagenic meat]
 63559 | Depths:3 | Gained mutation: You are agile. (Dex +2) [mutagenic meat]
 63562 | Depths:3 | Lost mutation: Your spells are a little easier to cast, but a little less powerful. [mutagenic meat]
 63563 | Depths:3 | Gained mutation: Your flesh is very heat resistant. (rF++) [mutagenic meat]
 63564 | Depths:3 | Gained mutation: Your spells are a little harder to cast, but a little more powerful. [mutagenic meat]
 63565 | Depths:3 | Gained mutation: You have sharp toenails. [mutagenic meat]
 63806 | Depths:3 | Gained mutation: Scrolls take you a little longer to read. [mutagenic meat]
 63810 | Depths:3 | Lost mutation: You passively map a small area around you. [mutagenic meat]
 63813 | Depths:3 | Gained mutation: You evolve. [mutagenic meat]
 63814 | Depths:3 | Lost mutation: You are agile. (Dex +2) [mutagenic meat]
 64181 | Depths:3 | Gained mutation: You have a pair of horns on your head. [evolution]
 64686 | Vaults:5 | Entered Level 5 of the Vaults
 65094 | Vaults:5 | Got a brightly glowing glaive {speed}
 65100 | Vaults:5 | Identified the +3 glaive of the Pits of Slime {speed, Dex+4} (You took it off a vault warden on level 5 of the Vaults)
 65142 | Vaults:5 | Identified Adaleckarr's Papyrus of the Glacier
 65147 | Vaults:5 | Got a crystal glaive
 65153 | Vaults:5 | Identified the +7 glaive "Voaryit" {flame, rPois rN+ MR- Int+8} (You found it on level 5 of the Vaults)
 65264 | Vaults:5 | Noticed p0werm0de's ghost (adept MiBe)
 65272 | Vaults:5 | Killed p0werm0de's ghost
 65276 | Vaults:5 | Found Cukhun's Magic Scroll Emporium.
 65562 | Vaults:5 | Reached skill level 10 in Fighting
 65574 | Vaults:5 | Reached skill level 21 in Necromancy
 65734 | Vaults:5 | Found Ynotaop's Magic Scroll Boutique.
 65740 | Vaults:5 | Bought a scroll of enchant armour for 135 gold pieces
 65816 | Vaults:5 | Found Odaxanorih's Magic Scroll Emporium.
 65820 | Vaults:5 | Bought a scroll of enchant armour for 127 gold pieces
 65820 | Vaults:5 | Bought a scroll of enchant armour for 127 gold pieces
 65968 | Vaults:5 | Got a wavering marble ring
 65970 | Vaults:5 | Identified the ring of the Hippo {rN+ MR+ Slay+2} (You took it off a frost giant on level 5 of the Vaults)
 66110 | Vaults:5 | Got a silver rune of Zot
 66215 | Vaults:5 | Got a fine leather armour
 66245 | Vaults:5 | Identified the cursed +1 leather armour of Claustrophobia {rElec rC- Dex+6} (You found it on level 5 of the Vaults)
 66269 | Vaults:5 | Got a scorched falchion
 66273 | Vaults:5 | Identified the +1 falchion of Valiance {vamp, rElec MR+} (You found it on level 5 of the Vaults)
 66417 | Vaults:5 | Gained mutation: A frigid envelope surrounds you and freezes all who hurt you. [demonic ancestry]
 66417 | Vaults:5 | Reached XP level 23. HP: 86/165 MP: 5/46
 66422 | Vaults:5 | Found Jaetih's Antique Weapon Shoppe.
 66472 | Vaults:5 | Found Gaurch's Antique Armour Boutique.
 66478 | Vaults:5 | Bought a distressingly furry scale mail for 342 gold pieces
 66488 | Vaults:5 | Identified the cursed +0 scale mail "Xaonia" {Dex+2} (You bought it in a shop on level 5 of the Vaults)
 66501 | Vaults:5 | Bought a heavily runed leather armour for 266 gold pieces
 66511 | Vaults:5 | Identified the +0 leather armour of the Sparrow {+Inv SInv} (You bought it in a shop on level 5 of the Vaults)
 66526 | Vaults:5 | Bought a warped morningstar for 342 gold pieces
 66528 | Vaults:5 | Identified the +3 morningstar "Zapoxyni" {protect, rC+} (You bought it in a shop on level 5 of the Vaults)
 66529 | Vaults:5 | Bought a jewelled flail for 323 gold pieces
 66531 | Vaults:5 | Identified the +9 flail "Irareusm" {crush, *Drain rPois SInv} (You bought it in a shop on level 5 of the Vaults)
 66649 | Vaults:5 | Found Itialurph's Book Boutique.
 66744 | Vaults:5 | Found Jaij's Gadget Emporium.
 66903 | Vaults:5 | Upgraded the game from 0.19.0-24-gb05acd6 to 0.19.1
 66948 | Vaults:5 | Identified a +2 pair of boots of running (You acquired it on level 5 of the Vaults)
 67328 | Slime:1  | Entered Level 1 of the Pits of Slime
 67634 | Slime:2  | Reached skill level 10 in Maces & Flails
 68928 | Slime:4  | Gained mutation: Your body sometimes deteriorates upon taking damage. [a shining eye]
 69417 | Slime:4  | Paralysed by a Zot trap for 4 turns
 69551 | Slime:4  | Lost mutation: Your spells are a little harder to cast, but a little more powerful. [a shining eye]
 69617 | Slime:5  | Entered Level 5 of the Pits of Slime
 70020 | Slime:5  | Gained mutation: Your magical capacity is low. (-10% MP) [a shining eye]
 70030 | Slime:5  | Noticed the Royal Jelly
 70035 | Slime:5  | Killed the Royal Jelly
 70416 | Slime:5  | Got a slimy rune of Zot
 70450 | Slime:5  | Got a scorched scale mail
 70461 | Slime:5  | Identified the cursed +1 scale mail "Sant" {rC+} (You found it on level 5 of the Pits of Slime)
 70481 | Slime:5  | Got a bloodstained chain mail
 70492 | Slime:5  | Identified the +0 chain mail of the Original Sin {MR+ Str+2} (You found it on level 5 of the Pits of Slime)
 70517 | Slime:5  | Got a faintly humming cloak
 70532 | Slime:5  | Identified the cursed -7 cloak "Situday" {rF+ rC- Str+3} (You found it on level 5 of the Pits of Slime)
 70567 | Slime:5  | Identified the Guide on Shifting Weightlessness
 70860 | Slime:5  | Gained mutation: You are dopey. (Int -2) [potion of mutation]
 71269 | Lair:6   | Lost mutation: You possess an exceptional clarity of mind. [potion of cure mutation]
 71269 | Lair:6   | Lost mutation: You are weak. (Str -2) [potion of cure mutation]
 71270 | Lair:6   | Lost mutation: You have a pair of horns on your head. [potion of cure mutation]
 71270 | Lair:6   | Lost mutation: You can translocate small distances at will. [potion of cure mutation]
 71270 | Lair:6   | Lost mutation: You are dopey. (Int -2) [potion of cure mutation]
 71270 | Lair:6   | Lost mutation: You are resistant to hostile enchantments. (MR+) [potion of cure mutation]
 71270 | Lair:6   | Lost mutation: Your magical capacity is low. (-10% MP) [potion of cure mutation]
 71270 | Lair:6   | Lost mutation: Your flesh is very heat resistant. (rF++) [potion of cure mutation]
 71844 | Tomb:1   | Entered Level 1 of the Tomb of the Ancients
 72047 | Tomb:1   | Noticed a greater mummy
 72050 | Tomb:1   | Killed a greater mummy
 72056 | Tomb:1   | Noticed a greater mummy
 72058 | Tomb:1   | Noticed a greater mummy
 72061 | Tomb:1   | Killed a greater mummy
 72063 | Tomb:1   | Killed a greater mummy
 72921 | Tomb:2   | Noticed a greater mummy
 72922 | Tomb:2   | Noticed a greater mummy
 72923 | Tomb:2   | Noticed a greater mummy
 72925 | Tomb:2   | Noticed a greater mummy
 73454 | Depths:4 | Reached skill level 22 in Necromancy
 73681 | Depths:4 | Noticed Mennas
 73691 | Depths:4 | Gained mutation: Armour fits poorly on your strangely shaped body. [mutagenic meat]
 73819 | Depths:4 | Gained mutation: You are completely attuned to the shadows. [demonic ancestry]
 73819 | Depths:4 | Reached XP level 24. HP: 150/173 MP: 17/47
 73961 | Depths:3 | Gained mutation: You rapidly evolve. [evolution]
 74305 | Vaults:3 | Gained mutation: You are dopey. (Int -2) [a shining eye]
 74314 | Vaults:3 | Lost mutation: You have sharp toenails. [mutagenic meat]
 74461 | Hell     | Entered the Vestibule of Hell
 74463 | Hell     | Noticed Geryon
 74673 | Depths:1 | Learned a level 8 spell: Borgnjor's Revivification
 74867 | Depths:4 | Killed Mennas
 75042 | Depths:5 | Entered Level 5 of the Depths
 75376 | Depths:5 | Lost mutation: Scrolls take you a little longer to read. [mutagenic meat]
 75379 | Depths:5 | Gained mutation: You are clumsy. (Dex -2) [mutagenic meat]
 75382 | Depths:5 | Lost mutation: You are clumsy. (Dex -2) [mutagenic meat]
 75876 | Depths:5 | Gained mutation: Your muscles are strong. (Str +2) [mutagenic meat]
 75877 | Depths:5 | Gained mutation: You are resistant to electric shocks. (rElec) [mutagenic meat]
 75878 | Depths:5 | Gained mutation: You are resistant to hostile enchantments. (MR+) [mutagenic meat]
 75879 | Depths:5 | Gained mutation: You possess an exceptional clarity of mind. [mutagenic meat]
 75934 | Depths:5 | Found a runed door.
 75934 | Depths:5 | Found a runed door.
 75980 | Depths:5 | Found a runed door.
 75987 | Depths:5 | Found a runed door.
 76047 | Depths:5 | Found a gate to the Realm of Zot.
 76069 | Depths:5 | Found a runed door.
 76083 | Depths:5 | Found a runed door.
 77904 | Depths:4 | Identified a +3 rod of inaccuracy (12/12) (You found it on level 4 of the Depths)
 77988 | Zot:1    | Entered Level 1 of the Realm of Zot
 78885 | Zot:1    | Reached skill level 10 in Stealth
 78887 | Zot:1    | Reached XP level 25. HP: 129/180 MP: 8/48
 79005 | Zot:1    | Noticed an orb of fire
 79019 | Zot:1    | Killed an orb of fire
 79164 | Zot:1    | Reached skill level 23 in Necromancy
 81175 | Zot:2    | Noticed Tiamat
 81404 | Zot:2    | Learned a level 5 spell: Cigotuvi's Embrace
 81844 | Zot:2    | Got a spiked helmet
 81845 | Zot:2    | Identified the +1 helmet "Weabe" {Int+2 Dex+2} (You found it on level 2 of the Realm of Zot)
 82409 | Zot:3    | Reached skill level 1 in Air Magic
 82948 | Zot:3    | Reached XP level 26. HP: 118/188 MP: 37/49
 83352 | Zot:3    | Identified the +10 great mace "Giant's Toothpick" {flame, +Blink +Rage} (You found it on level 3 of the Realm of Zot)
 83894 | Depths:1 | Voluntarily entered the Abyss.
 84535 | Abyss:1  | Gained mutation: You are very dopey. (Int -4) [mutagenic meat]
 84536 | Abyss:1  | Lost mutation: Armour fits poorly on your strangely shaped body. [mutagenic meat]
 84537 | Abyss:1  | Lost mutation: Your flesh is heat resistant. (rF+) [mutagenic meat]
 84538 | Abyss:1  | Gained mutation: Your magical capacity is low. (-10% MP) [mutagenic meat]
 84540 | Abyss:1  | Gained mutation: You are agile. (Dex +2) [mutagenic meat]
 84542 | Abyss:1  | Lost mutation: You are very dopey. (Int -4) [mutagenic meat]
 84545 | Abyss:1  | Lost mutation: Your muscles are strong. (Str +2) [mutagenic meat]
 84909 | Abyss:2  | Found a corrupted altar of Lugonu.
 85020 | Abyss:3  | Found a shimmering altar of Xom.
 85074 | Abyss:3  | Found a corrupted altar of Lugonu.
 85203 | Abyss:3  | Lost mutation: Your body sometimes deteriorates upon taking damage. [mutagenic meat]
 85204 | Abyss:3  | Gained mutation: You have sharp toenails. [mutagenic meat]
 85486 | Abyss:3  | Reached skill level 10 in Shields
 85931 | Abyss:4  | Reached skill level 5 in Air Magic
 86288 | Abyss:5  | Entered Level 5 of the Abyss
 86472 | Abyss:5  | Found a corrupted altar of Lugonu.
 86757 | Abyss:5  | Gained mutation: You expend magic power (3 MP) to strengthen your wands. [a neqoxec]
 87027 | Abyss:5  | Reached skill level 24 in Necromancy
 87059 | Abyss:5  | Paralysed by you for 2 turns
 87069 | Abyss:5  | Reached XP level 27. HP: 157/197 MP: 2/44
 87099 | Abyss:5  | HP: 3/197 [jiangshi[a vampire mage] (23)]
 87099 | Abyss:5  | Mangled by a jiangshi

Skill      XL: |  1  2  3  4  5  6  7  8  9 10 11 12 13 14 15 16 17 18 19 20 21 22 23 24 25 26 |
---------------+-------------------------------------------------------------------------------+-----
Dodging        | 2 3 4 5 6 7 8 9 10 11 | 11.5
Necromancy     | 5 6 7 8 9 11 12 13 14 15 16 17 18 19 20 21 22 23 24 | 24.0
Stealth        | 2 3 4 5 6 7 8 9 10 | 10.4
Spellcasting   | 3 4 5 7 8 10 11 12 13 14 15 16 17 18 19 20 21 22 | 22.4
Maces & Flails | 1 2 3 4 5 6 7 9 11 12 13 14 | 14.8
Fighting       | 1 2 3 4 5 6 7 8 9 10 11 12 | 12.0
Charms         | 1 2 3 4 5 6 8 |  8.5
Hexes          | 1 3 4 5 6 7 |  7.9
Long Blades    | 2 5 7 10 11 12 13 14 | 14.3
Evocations     | 1 2 3 |  3.0
Shields        | 1 2 3 4 5 6 7 8 9 10 | 10.6
Armour         | 1 4 6 7 8 |  8.9
Translocations | 1 2 |  2.6
Summonings     | 1 6 7 8 |  8.0
Conjurations   | 1 3 |  3.5
Air Magic      | 2 5 |  5.9

Action                   |  1- 3 |  4- 6 |  7- 9 | 10-12 | 13-15 | 16-18 | 19-21 | 22-24 | 25-27 || total
-------------------------+-------+-------+-------+-------+-------+-------+-------+-------+-------++-------
Melee: Unarmed           |     3 |       |       |       |       |       |       |       |       ||     3
       Club              |    14 |       |       |       |       |       |       |       |       ||    14
       Whip              |    28 |   139 |   217 |   241 |       |       |       |       |       ||   625
       Long sword        |       |       |       |   210 |  1413 |  1431 |  1215 |       |       ||  4269
       Headbutt          |       |       |       |       |       |       |   403 |   274 |   411 ||  1088
       Eveningstar       |       |       |       |       |       |       |   170 |   216 |       ||   386
       Flail             |       |       |       |       |       |       |       |   607 |  1187 ||  1794
 Cast: Pain              |    45 |    13 |       |       |       |       |       |       |       ||    58
       Regeneration      |     2 |     5 |     9 |    28 |    84 |   116 |    38 |    41 |    50 ||   373
       Vampiric Draining |     2 |     3 |    30 |    92 |   224 |   244 |    94 |    76 |    18 ||   783
       Animate Dead      |       |     1 |    13 |    29 |    95 |    82 |    71 |    63 |    30 ||   384
       Confuse           |       |       |     9 |    44 |    86 |    33 |     2 |       |       ||   174
       Control Undead    |       |       |     2 |     4 |    16 |     2 |    54 |    16 |     8 ||   102
       Repel Missiles    |       |       |     1 |     1 |     6 |    22 |    10 |     6 |    11 ||    57
       Tukima's Dance    |       |       |       |    10 |    62 |    48 |    20 |       |       ||   140
       Sublimation of Bl |       |       |       |     7 |    52 |    63 |    45 |    16 |    36 ||   219
       Dazzling Spray    |       |       |       |     1 |       |       |       |       |       ||     1
       Dispel Undead     |       |       |       |       |     3 |    10 |   149 |    42 |    29 ||   233
       Death Channel     |       |       |       |       |    11 |   112 |    72 |    63 |    39 ||   297
       Recall            |       |       |       |       |     4 |    31 |    27 |    23 |     7 ||    92
       Shroud of Golubri |       |       |       |       |     2 |     5 |       |       |       ||     7
       Infestation       |       |       |       |       |       |     5 |    18 |    75 |    35 ||   133
       Bolt of Draining  |       |       |       |       |       |       |    19 |   117 |    17 ||   153
       Blink             |       |       |       |       |       |       |    10 |    10 |     3 ||    23
       Haunt             |       |       |       |       |       |       |     7 |    15 |    28 ||    50
       Cigotuvi's Embrac |       |       |       |       |       |       |       |       |     1 ||     1
Invok: Receive Necronomi |       |       |       |       |     1 |       |       |       |       ||     1
       Receive Corpses   |       |       |       |       |       |     1 |       |     2 |       ||     3
       Torment           |       |       |       |       |       |     1 |       |     1 |       ||     2
Evoke: Wand              |       |       |     2 |    12 |    22 |    28 |     9 |    29 |     6 ||   108
  Use: Potion            |       |    11 |     3 |     5 |    10 |    21 |     7 |    24 |    11 ||    92
       Scroll            |       |       |    14 |    20 |    10 |    33 |    20 |    26 |    14 ||   137
 Stab: Sleeping          |     1 |     4 |     7 |    20 |    18 |    22 |    26 |     4 |    10 ||   112
       Distracted        |     1 |       |     2 |     2 |    16 |    34 |    50 |    39 |    35 ||   179
       Confused          |       |       |     3 |     1 |    25 |    10 |     1 |       |       ||    40
       Paralysed         |       |       |       |     1 |     4 |     4 |       |       |       ||     9
  Eat: Chunk             |     5 |     7 |    19 |    24 |    53 |    52 |    52 |    63 |    34 ||   309
       Pizza             |       |     1 |     1 |     1 |     3 |       |     1 |     1 |     2 ||    10
       Beef jerky        |       |       |       |     4 |     6 |     5 |     1 |     1 |     2 ||    19
       Royal jelly       |       |       |       |       |     1 |     1 |       |       |       ||     2
       Fruit             |       |       |       |       |     1 |     6 |     7 |     4 |     3 ||    21
       Meat ration       |       |       |       |       |       |     4 |     3 |    11 |     4 ||    22
Armor: Robe              |    22 |    39 |    49 |   192 |   487 |   428 |       |       |       ||  1217
       Troll leather arm |       |       |       |     2 |       |       |       |       |       ||     2
       Fire dragon scale |       |       |       |       |   253 |       |       |       |       ||   253
       Ring mail         |       |       |       |       |       |   136 |   512 |   442 |   466 ||  1556
Dodge: Dodged            |    32 |    89 |   121 |   343 |  1006 |   929 |   712 |   671 |   761 ||  4664
       Deflected         |       |       |     1 |     3 |    15 |    90 |    45 |    32 |    26 ||   212
Block: Buckler           |       |       |       |    78 |   565 |   636 |   593 |   672 |   760 ||  3304
       Reflection        |       |       |       |       |    12 |    82 |    38 |    16 |     5 ||   153
       Rpst.: Long sword |       |       |       |    57 |   241 |   197 |   124 |       |       ||   619
